 Dungeon Crawl Stone Soup version 0.30-a0-1008-g30c9307041 (webtiles) character file.

Game seed: 13854178724649207978

237829 Strat the Warrior (level 19, -14/141 HPs)
             Began as a Gnoll Reaver on Apr 4, 2023.
             Was the Champion of Hepliaklqana.
             Demolished by a vault warden
             ... wielding a +2 heavy broad axe
              (48 damage)
             ... on level 1 of the Vaults on Apr 5, 2023.
             The game lasted 02:06:18 (44428 turns).

Strat the Warrior (Gnoll Reaver)                   Turns: 44428, Time: 02:06:19

Health: -14/141    AC: 41    Str: 23    XL:     19   Next: 24%
Magic:  37/37      EV: 18    Int: 12    God:    Hepliaklqana [******]
Gold:   1000       SH:  0    Dex: 16    Spells: 16/46 levels left

rFire   + + .      SeeInvis .    a - +4 demon trident "Nofoos" {freeze, Dex+4}
rCold   + . .      Faith    .    (no shield)
rNeg    . . .      Spirit   .    W - +15 plate armour of Monotheism {Str+4}
rPois   .          Reflect  .    k - +0 helmet
rElec   .          Rampage  .    A - +2 cloak {rF+}
rCorr   .                        C - +0 pair of gloves
Will    +....                    c - +2 pair of boots
Stlth   ++                       z - amulet of the acrobat
HPRegen 0.43/turn                I - ring "Anaes" {rF+ rC+ Stlth+}
MPRegen 0.25/turn                r - +5 ring of evasion

@: about to teleport, studying Fighting
A: reduced essence, fangs 1, strong nose, distributed training
}: 2/15 runes: serpentine, barnacled
a: Renounce Religion, Recall Ancestor, Ancestor Identity, Transference, Idealise


You were on level 1 of the Vaults.
You worshipped Hepliaklqana.
Hepliaklqana was exalted by your worship.
You visited 6 branches of the dungeon, and saw 31 of its levels.
You also visited: Volcano.

You collected 5884 gold pieces.
You spent 4884 gold pieces at shops.

Inventory:

Hand Weapons
 a - the +4 demon trident "Nofoos" (weapon) {freeze, Dex+4}
   (You acquired it on level 5 of the Lair of Beasts)

   Dex:       It affects your dexterity (+4).
 b - the +8 storm bow {elec, penet}
   (You took it off a centaur warrior on level 13 of the Dungeon)
 Z - a +0 glaive of freezing
Missiles
 s - 5 curare-tipped darts
 v - 39 poisoned darts
 w - 22 javelins
 y - 3 throwing nets
 S - 4 silver javelins
Armour
 c - a +2 pair of boots (worn)
 k - a +0 helmet (worn)
 A - a +2 cloak of fire resistance (worn)
 C - a +0 pair of gloves (worn)
 W - the +15 plate armour of Monotheism (worn) {Str+4}
   (You bought it in a shop on level 2 of the Orcish Mines)

   Str:       It affects your strength (+4).
Jewellery
 g - a ring of poison resistance
 r - a +5 ring of evasion (right hand)
 z - an amulet of the acrobat (around neck)
 I - the ring "Anaes" (left hand) {rF+ rC+ Stlth+}
   (You found it on level 11 of the Dungeon)

   [ring of protection from cold]

   rF:        It protects you from fire.
   rC:        It protects you from cold.
   Stlth:     It makes you more stealthy.
 M - a ring of resist corrosion
 Q - a ring of see invisible
 T - a ring of willpower
Wands
 p - a wand of light (3)
 q - a wand of flame (86)
 t - a wand of paralysis (34)
 G - a wand of polymorph (4)
 J - a wand of digging (6)
 O - a wand of mindburst (16)
Scrolls
 d - 4 scrolls of poison
 e - 4 scrolls of amnesia
 f - a scroll of brand weapon
 j - 9 scrolls of teleportation
 l - 2 scrolls of blinking
 m - 4 scrolls of enchant armour
 x - 4 scrolls of fog
 B - 9 scrolls of identify
 E - a scroll of summoning
 H - 4 scrolls of enchant weapon
 K - a scroll of magic mapping
Potions
 h - 3 potions of ambrosia
 i - 3 potions of magic
 n - 8 potions of brilliance
 o - 8 potions of lignification
 u - a potion of cancellation
 D - 5 potions of mutation
 F - 2 potions of flight
 L - a potion of resistance
 N - a potion of might
 V - 2 potions of berserk rage
 X - a potion of curing
 Y - 2 potions of haste
Miscellaneous
 P - a condenser vane
 R - a box of beasts


   Skills:
 + Level 15.7 Fighting
 + Level 13.4 Short Blades
 + Level 13.4 Long Blades
 + Level 13.4 Axes
 + Level 13.4 Maces & Flails
 + Level 14.7 Polearms
 + Level 13.4 Staves
 + Level 13.4 Ranged Weapons
 + Level 13.4 Throwing
 + Level 13.4 Armour
 + Level 14.1 Dodging
 + Level 13.4 Stealth
 + Level 13.4 Shields
 + Level 13.4 Unarmed Combat
 + Level 14.2 Spellcasting
 + Level 12.5 Conjurations
 + Level 11.3 Hexes
 + Level 11.3 Summonings
 + Level 11.3 Necromancy
 + Level 11.3 Translocations
 + Level 11.3 Transmutations
 + Level 11.3 Fire Magic
 + Level 11.3 Ice Magic
 + Level 11.3 Air Magic
 + Level 11.3 Earth Magic
 + Level 11.3 Poison Magic
 + Level 14.5 Invocations
 + Level 13.4 Evocations


You had 16 spell levels left.
You knew the following spells:

 Your Spells              Type           Power      Damage    Failure   Level
a - Kiss of Death         Conj/Necr      100%       2d13      1%          1
b - Momentum Strike       Conj/Tloc      74%        3d10      1%          2
c - Hailstorm             Conj/Ice       37%        3d9       1%          3
d - Mephitic Cloud        Conj/Pois/Air  36%        N/A       1%          3
e - Summon Ice Beast      Ice/Summ       35%        N/A       7%          4
f - Summon Mana Viper     Hex/Summ       35%        N/A       19%         5
g - Swiftness             Air            35%        N/A       1%          3
h - Manifold Assault      Tloc           35%        N/A       7%          4
i - Borgnjor's Vile Clut  Necr/Erth      17%        N/A       19%         5

Your spell library contained the following spells:

 Spells                   Type           Power      Damage    Failure   Level
 Magic Dart               Conj           100%       1d8       1%          1
 Shock                    Conj/Air       100%       1d9       1%          1
 Call Imp                 Summ           35%        N/A       1%          2
 Cigotuvi's Dreadful Rot  Necr/Pois/Air  70%        N/A       1%          2
 Searing Ray              Conj           76%        2d7       1%          2
 Call Canine Familiar     Summ           35%        N/A       1%          3
 Confusing Touch          Hex            35%        N/A       1%          3
 Ignite Poison            Fire/Tmut/Pois 35%        N/A       1%          3
 Portal Projectile        Hex/Tloc       70%        N/A       1%          3
 Vhi's Electric Charge    Tloc/Air       70%        N/A       1%          3
 Volatile Blastmotes      Fire/Tloc      70%        2d15      1%          3
 Fulminant Prism          Conj/Hex       18%        3d10      5%          4
 Airstrike                Air            17%        2d(3-19)  7%          4
 Animate Armour           Summ/Erth      70%        N/A       7%          4
 Animate Dead             Necr           35%        N/A       7%          4
 Dispel Undead            Necr           35%        3d15      7%          4
 Leda's Liquefaction      Hex/Erth       17%        N/A       7%          4
 Arcjolt                  Conj/Air       18%        1d28      16%         5
 Freezing Cloud           Conj/Ice/Air   18%        6-21      16%         5
 Blade Hands              Tmut           17%        N/A       19%         5
 Iron Shot                Conj/Erth      18%        9d4       63%         6
 Death Channel            Necr           17%        N/A       71%         6
 Dispersal                Tloc           17%        N/A       71%         6
 Plasma Beam              Fire/Air       17%        2x1d32    71%         6
 Malign Gateway           Summ/Tloc      17%        N/A       99%         7
 Monstrous Menagerie      Summ           17%        N/A       99%         7
 Disjunction              Tloc           17%        N/A       100%        8
 Summon Horrible Things   Summ           17%        N/A       100%        8


Dungeon Overview and Level Annotations

Branches:
Dungeon (15/15)            Temple (0/1) D:4            Lair (5/5) D:9
 Shoals (4/4) Lair:3        Snake (4/4) Lair:3        Slime (0/5) Lair:4
    Orc (2/2) D:11            Elf (0/3) Orc:2        Vaults (1/5) D:13
 Depths (0/4) D:15        Volcano (visited)

Altars:
Dithmenos
Elyvilon
Fedhas
Gozag
Hepliaklqana
Kikubaaqudgha
Nemelex Xobeh
Okawaru
Qazlal
Ru
Sif Muna
Uskayaw
Vehumet
Wu Jian
Xom
Yredelemnul
Zin
The Shining One

Shops:
D:8 ?   Orc:1 *![   Orc:2 [=[:   Shoals:2 :   Shoals:3 ?   Snake:1 ?=
Snake:2 [*::=

Annotations:
D:2 Sigmund
D:9 3 runed translucent doors, NinjaNoafa's ghost, journeyman DjCj
Lair:1 Amaemon
Shoals:3 Mara
Snake:1 Mlioglotl
Orc:1 Rupert


Innate Abilities, Weirdness & Mutations

Your life essence is reduced to manifest your ancestor. (-10% HP)
You have very sharp teeth.
Your uncanny sense of smell can sniff out nearby items.
Your experience applies equally to all skills.


Message History

The vault warden attacks as you move away!
The vault warden barely misses you.
You feel very sick. The vault guard barely misses you.
Things that are here:
a +0 great mace; a +0 scale mail; a human corpse You feel very sick.
The vault warden attacks as you move away!
The vault warden barely misses you.
You feel very sick.
The ironbound preserver gestures wildly while chanting.
The ironbound preserver begins to accept its allies' injuries.
You hear a shout!
You feel sick. The lindwurm breathes flames at you.
The blast of flame hits the vault guard!!
The blast of flame hits you. You resist.
* * * LOW HITPOINT WARNING * * *
The lindwurm breathes flames at you.
The blast of flame hits the vault warden!
The blast of flame hits you! You resist.
* * * LOW HITPOINT WARNING * * *
The ironbound preserver dies!
You feel better.
The vault guard hits you from afar with a +2 bardiche of venom!!
* * * LOW HITPOINT WARNING * * *
You are poisoned.
The lindwurm breathes flames at you.
The blast of flame hits the vault guard!!
The vault guard dies!
The blast of flame hits you but does no damage.
You feel better.
The vault warden activates a sealing rune.
A door slams shut!
The lindwurm breathes flames at you. The blast of flame misses you.
As you read the scroll of teleportation, it crumbles to dust.
You feel strangely unstable.
The vault warden hits you with a +2 heavy broad axe!!!
You die...

.................
∆
.......k.........
########+########'
#..........# #....
#....).....# #.###
#######...k......#
#.#e#
......+........).#
#.###
......#op)k...../#
#....
.....#@.[.......#
#.### ....
#..........# #.#Q#
... #..........#
#..........#
#..........#
###########


You could see a vault warden (strong), an orc knight (strong) and 2 lindwurms.

Vanquished Creatures
  Polyphemus (Shoals:2)
  2 krakens (Shoals:1)
  Agnes (Snake:3)
  3 nagarajas (Snake:4)
  Donald (Shoals:2)
  A fire giant (D:15)
  Louise (Shoals:3)
  Aizul (Snake:1)
  An ironbound thunderhulk (Vaults:1)
  Snorg (Lair:4)
  5 merfolk javelineers (Shoals:4)
  9 merfolk impalers
  A salamander tyrant (Snake:4)
  2 catoblepae
  5 vault guards
  A merfolk avatar (Shoals:4)
  An ironbound frostheart (Vaults:1)
  2 hydras (Lair:5)
  8 centaur warriors
  4 merfolk aquamancers
  2 ogre magi
  6 two-headed ogres
  4 boulder beetles
  6 anacondas
  A death knight (D:13)
  A satyr (Shoals:2)
  4 tengu warriors
  An alligator snapping turtle (Shoals:4)
  11 naga warriors
  3 death yaks (Shoals:2)
  An orc high priest (Orc:2)
  6 naga sharpshooters
  Sonja (Lair:4)
  A hell knight (Volcano)
  6 shock serpents
  3 skysharks
  6 sea snakes
  Lodul (D:12)
  4 salamander mystics
  A deep elf archer (D:13)
  7 deep elf pyromancers
  An ironbound convoker (Vaults:1)
  2 swamp dragons
  4 naga ritualists (Snake:4)
  6 orc knights
  14 harpies
  2 lindwurms (Vaults:1)
  A harpy (shapeshifter) (D:15)
  An oklob plant (Lair:4)
  3 fauns
  2 orc sorcerers (Orc:2)
  4 mana vipers
  5 cyclopes
  10 ugly things
  A deep elf zephyrmancer (Orc:2)
  3 merfolk sirens
  8 salamanders
  9 manticores
  Joseph (D:7)
  12 naga magi
  8 elephants
  18 black mambas
  4 guardian serpents
  A vault sentinel (Vaults:1)
  2 gargoyles (D:13)
  2 molten gargoyles (Volcano)
  8 cane toads
  A water nymph (Shoals:3)
  A rime drake (Lair:5)
  6 komodo dragons
  Psyche (D:10)
  An efreet (D:14)
  A freezing wraith (D:15)
  A tengu conjurer (D:12)
  7 trolls
  24 merfolk
  3 polar bears
  2 meliai (D:13)
  3 wind drakes
  A hornet (Lair:3)
  6 snapping turtles
  13 blink frogs
  11 water elementals
  11 slime creatures
  A wraith (D:11)
  A centaur simulacrum (D:15)
  A wyvern (D:9)
  A vampire (D:8)
  4 fire bats
  A shadow (D:13)
  4 hogs (Lair:4)
  A steam dragon (Lair:5)
  29 yaks
  4 humans
  5 basilisks
  2 wargs (Orc:1)
  31 nagas
  11 water moccasins
  A swamp drake (Lair:5)
  29 orc warriors
  A black bear (D:5)
  12 ogres
  11 centaurs
  A phantom (D:5)
  11 wolves
  3 kobold brigands
  11 bullfrogs
  3 gnoll sergeants
  A scorpion (D:5)
  3 wights
  2 howler monkeys
  5 electric eels
  3 lava snakes (Volcano)
  2 hounds
  26 orc priests
  2 jellies
  A sleepcap (D:5)
  A gnoll bouda (D:10)
  2 iguanas
  21 orc wizards
  4 hell rats (Lair:2)
  12 gnolls
  5 adders
  3 ufetubi
  4 worms
  2 dart slugs
  61 orcs
  8 ball pythons
  6 bats
  6 endoplasms
  3 giant cockroaches
  5 goblins
  7 jackals
  6 quokkas
  3 frilled lizards (D:1)
  10 kobolds
  3 rats
  2 tentacles (Shoals:1)
  A toadstool (D:2)
751 creatures vanquished.

Vanquished Creatures (collateral kills)
  A nagaraja (Snake:4)
  Kirke (Lair:4)
  A fire dragon (Lair:5)
  A catoblepas (D:13)
  2 anacondas
  A salamander tyrant (Snake:4)
  2 merfolk aquamancers
  10 centaur warriors
  4 two-headed ogres
  4 naga warriors
  2 shock serpents
  A death yak (Shoals:2)
  Urug (D:13)
  4 orc high priests (Orc:2)
  8 naga sharpshooters
  Nergalle (D:10)
  A sea snake (Shoals:2)
  A deep troll (Vaults:1)
  An ironbound convoker (Vaults:1)
  2 naga ritualists
  3 deep elf pyromancers
  2 deep elf zephyrmancers (Orc:2)
  6 orc knights (Orc:2)
  3 mana vipers
  4 harpies
  4 cyclopes
  6 ugly things
  5 manticores
  6 salamanders
  2 fauns (Shoals:1)
  Maurice (D:9)
  4 elephants
  7 black mambas
  A guardian serpent (Snake:3)
  A vault sentinel (Vaults:1)
  A gargoyle (D:12)
  9 naga magi
  Maggie (D:6)
  A torpor snail (Lair:3)
  A cane toad (Lair:1)
  An efreet (D:14)
  3 rime drakes
  3 komodo dragons
  A freezing wraith (D:15)
  2 tengu conjurers
  2 polar bears
  A troll (D:12)
  14 merfolk
  A wind drake (Shoals:1)
  A meliai (D:13)
  5 blink frogs
  6 slime creatures
  2 water elementals
  2 snapping turtles
  3 shadows (D:9)
  A basilisk (Lair:3)
  5 humans
  7 yaks
  4 fire bats
  Eustachio (D:5)
  2 steam dragons
  Edmund (D:6)
  11 nagas
  4 water moccasins
  An acid dragon (Lair:5)
  11 orc warriors
  2 centaurs (D:15)
  3 ogres (D:12)
  5 wolves
  A kobold brigand (D:10)
  Blork the orc (D:5)
  3 bullfrogs
  A scorpion (D:6)
  6 wights
  2 howler monkeys
  An electric eel (Lair:3)
  2 lava snakes (Volcano)
  8 orc priests
  3 iguanas
  4 orc wizards
  A hell rat (Lair:2)
  An adder (D:3)
  11 gnolls
  34 orcs
  An endoplasm (D:4)
  2 goblins (D:3)
  A hobgoblin (D:3)
  A jackal (D:3)
  5 kobolds
  2 tentacles (Shoals:1)
313 creatures vanquished.

Vanquished Creatures (others)
  An ironbound preserver (Vaults:1)
  A vault guard (Vaults:1)
  A centaur warrior (Vaults:1)
  A wizard (D:15)
  A water elemental (Shoals:1)
  A human (D:13)
  A naga (Snake:4)
  An orc priest (Orc:2)
  50 knights
  A kobold (D:8)
  2 bushes
  31 fungi
  143 plants
  5 starspawn tentacles (Snake:1)
  7 tentacles (Shoals:1)
  4 toadstools (D:2)
251 creatures vanquished.

Grand Total: 1315 creatures vanquished

Notes
Turn   | Place    | Note
-------+----------+-------------------------------------------
     0 | D:1      | Strat the Gnoll Reaver began the quest for the Orb.
     0 | D:1      | Reached XP level 1. HP: 20/20 MP: 6/6
   200 | D:1      | Reached XP level 2. HP: 26/26 MP: 7/7
   203 | D:1      | Learned a level 2 spell: Momentum Strike
   795 | D:2      | Found a faded altar of an unknown god.
   815 | D:2      | Reached skill level 5 in Spellcasting
   815 | D:2      | Reached XP level 3. HP: 31/31 MP: 7/9
   906 | D:2      | Noticed Sigmund
  1114 | D:2      | Reached skill level 1 in Invocations
  1299 | D:3      | Reached skill level 1 in Short Blades
  1299 | D:3      | Reached skill level 1 in Long Blades
  1299 | D:3      | Reached skill level 1 in Axes
  1299 | D:3      | Reached skill level 1 in Maces & Flails
  1299 | D:3      | Reached skill level 1 in Staves
  1299 | D:3      | Reached skill level 1 in Ranged Weapons
  1299 | D:3      | Reached skill level 1 in Throwing
  1299 | D:3      | Reached skill level 1 in Armour
  1299 | D:3      | Reached skill level 1 in Stealth
  1299 | D:3      | Reached skill level 1 in Shields
  1299 | D:3      | Reached skill level 1 in Unarmed Combat
  1299 | D:3      | Reached skill level 1 in Evocations
  1362 | D:3      | Reached XP level 4. HP: 29/34 MP: 1/11
  1619 | D:3      | Learned a level 3 spell: Hailstorm
  1704 | D:3      | Reached skill level 1 in Hexes
  1704 | D:3      | Reached skill level 1 in Summonings
  1704 | D:3      | Reached skill level 1 in Necromancy
  1704 | D:3      | Reached skill level 1 in Translocations
  1704 | D:3      | Reached skill level 1 in Transmutations
  1704 | D:3      | Reached skill level 1 in Fire Magic
  1704 | D:3      | Reached skill level 1 in Ice Magic
  1704 | D:3      | Reached skill level 1 in Air Magic
  1704 | D:3      | Reached skill level 1 in Earth Magic
  1704 | D:3      | Reached skill level 1 in Poison Magic
  1944 | D:3      | Found a shimmering altar of Xom.
  1945 | D:3      | Found a hazy altar of Hepliaklqana.
  1946 | D:3      | Noticed a spectral ugly thing
  1956 | D:3      | Became a worshipper of Hepliaklqana the Forgotten
  1964 | D:3      | You fall into a shaft and drop 3 floors!
  1980 | D:5      | Entered Level 5 of the Dungeon
  2019 | D:5      | Noticed a phantom
  2074 | D:5      | Reached XP level 5. HP: 35/43 MP: 12/12
  2112 | D:5      | Found a radiant altar of Vehumet.
  2329 | D:5      | Noticed Blork the orc
  2329 | D:5      | Noticed Eustachio
  2346 | D:5      | Reached XP level 6. HP: 39/50 MP: 10/13
  2363 | D:5      | Reached * piety under Hepliaklqana
  2384 | D:5      | Noticed a black bear
  2424 | D:5      | Reached skill level 5 in Fighting
  2424 | D:5      | Reached skill level 5 in Dodging
  3366 | D:4      | Found a staircase to the Ecumenical Temple.
  3398 | D:4      | Reached ** piety under Hepliaklqana
  3399 | D:4      | Remembered your ancestor Akiya as a knight
  3637 | D:3      | Reached XP level 7. HP: 26/50 MP: 12/15
  4053 | D:4      | Identified a scroll of acquirement
  4053 | D:4      | Acquired 1058 gold pieces
  4213 | D:4      | Learned a level 3 spell: Mephitic Cloud
  4492 | D:4      | Found a basalt altar of Yredelemnul.
  4957 | D:5      | Killed Eustachio
  4962 | D:5      | Killed Blork the orc
  5238 | D:5      | Reached XP level 8. HP: 44/56 MP: 16/16
  5396 | D:6      | Found an opulent altar of Gozag.
  5429 | D:6      | Found a glowing silver altar of Zin.
  5523 | D:6      | Noticed Maggie
  5534 | D:6      | Found a hide-covered altar of Uskayaw.
  5544 | D:6      | Noticed Edmund
  5563 | D:6      | Killed Edmund
  5637 | D:6      | Killed Maggie
  5784 | D:6      | Found a blossoming altar of Fedhas.
  5892 | D:6      | Reached skill level 6 in Fighting
  6064 | D:6      | Reached *** piety under Hepliaklqana
  6448 | D:7      | Found an iron altar of Okawaru.
  6460 | D:7      | Reached XP level 9. HP: 37/62 MP: 15/18
  6616 | D:7      | Noticed Joseph
  7238 | D:7      | Killed Joseph
  7239 | D:7      | Reached skill level 5 in Invocations
  7643 | D:8      | Found Ucvuc's Magic Scroll Shop.
  7779 | D:8      | Bought a scroll of blinking for 75 gold pieces
  7779 | D:8      | Bought a scroll of magic mapping for 75 gold pieces
  8047 | D:8      | Reached skill level 5 in Short Blades
  8047 | D:8      | Reached skill level 5 in Long Blades
  8047 | D:8      | Reached skill level 5 in Axes
  8047 | D:8      | Reached skill level 5 in Maces & Flails
  8047 | D:8      | Reached skill level 5 in Staves
  8047 | D:8      | Reached skill level 5 in Ranged Weapons
  8047 | D:8      | Reached skill level 5 in Throwing
  8047 | D:8      | Reached skill level 5 in Armour
  8047 | D:8      | Reached skill level 5 in Stealth
  8047 | D:8      | Reached skill level 5 in Shields
  8047 | D:8      | Reached skill level 5 in Unarmed Combat
  8047 | D:8      | Reached skill level 5 in Evocations
  8047 | D:8      | Reached XP level 10. HP: 66/69 MP: 20/20
  8183 | D:8      | Found a shadowy altar of Dithmenos.
  8701 | D:9      | Noticed a two-headed ogre
  8736 | D:8      | Reached skill level 7 in Fighting
  9414 | D:9      | Found a runed translucent gate.
  9415 | D:9      | Found a runed translucent gate.
  9415 | D:9      | Noticed NinjaNoafa's ghost (journeyman DjCj)
  9417 | D:9      | Found a runed translucent gate.
  9417 | D:9      | Noticed a ten-headed hydra
  9510 | D:9      | Killed a two-headed ogre
  9532 | D:9      | Noticed Maurice
  9547 | D:9      | Found a staircase to the Lair.
 10024 | D:8      | Reached skill level 5 in Hexes
 10024 | D:8      | Reached skill level 5 in Summonings
 10024 | D:8      | Reached skill level 5 in Necromancy
 10024 | D:8      | Reached skill level 5 in Translocations
 10024 | D:8      | Reached skill level 5 in Transmutations
 10024 | D:8      | Reached skill level 5 in Fire Magic
 10024 | D:8      | Reached skill level 5 in Ice Magic
 10024 | D:8      | Reached skill level 5 in Air Magic
 10024 | D:8      | Reached skill level 5 in Earth Magic
 10024 | D:8      | Reached skill level 5 in Poison Magic
 10024 | D:8      | Reached XP level 11. HP: 36/76 MP: 22/22
 10479 | D:9      | Found a white marble altar of Elyvilon.
 10625 | D:9      | Reached **** piety under Hepliaklqana
 10859 | D:9      | Killed Maurice
 10957 | D:9      | Found a glowing golden altar of the Shining One.
 11102 | D:10     | Entered Level 10 of the Dungeon
 11102 | D:10     | Noticed a two-headed ogre
 11111 | D:10     | Killed a two-headed ogre
 11234 | D:9      | HP: 2/73 [something (11)]
 11236 | D:9      | Reached skill level 8 in Fighting
 11491 | D:10     | Found a shimmering blue altar of Sif Muna.
 11668 | D:10     | Found a stormy altar of Qazlal.
 11801 | D:10     | Noticed Nergalle
 11888 | D:10     | Found an ornate altar of the Wu Jian Council.
 12118 | D:10     | Noticed Psyche
 12239 | D:10     | Killed Psyche
 12313 | D:10     | Killed Nergalle
 12355 | D:10     | Found a sacrificial altar of Ru.
 12457 | D:11     | Found a staircase to the Orcish Mines.
 12493 | D:11     | Identified the ring "Anaes" {rF+ rC+ Stlth+}
 12745 | D:11     | Noticed a cyclops
 12751 | D:11     | Killed a cyclops
 13223 | D:12     | Noticed a cyan ugly thing
 13229 | D:12     | Noticed a cyclops
 13316 | D:12     | Noticed a two-headed ogre
 13645 | D:12     | Learned a level 4 spell: Summon Ice Beast
 13864 | D:12     | Noticed a boulder beetle
 14026 | D:11     | Killed a two-headed ogre
 14157 | D:12     | Reached ***** piety under Hepliaklqana
 14161 | D:12     | Noticed Lodul
 14208 | D:12     | Noticed a cyclops
 14242 | D:12     | Killed a cyclops
 14274 | D:12     | Killed a cyan ugly thing
 14275 | D:12     | Reached XP level 12. HP: 84/84 MP: 24/24
 14526 | Lair:1   | Entered Level 1 of the Lair of Beasts
 14821 | Lair:1   | Noticed Amaemon
 14906 | Lair:1   | Noticed a boulder beetle
 14941 | Lair:1   | Killed a boulder beetle
 15348 | Lair:1   | Reached skill level 10 in Polearms
 15393 | Lair:1   | Reached skill level 9 in Fighting
 16607 | Lair:2   | Reached XP level 13. HP: 90/90 MP: 26/26
 17174 | Lair:3   | Learned a level 5 spell: Summon Mana Viper
 17244 | Lair:3   | Found a staircase to the Snake Pit.
 17557 | Lair:3   | Found a staircase to the Shoals.
 18490 | Lair:4   | Noticed Sonja
 18684 | Lair:4   | Reached ****** piety under Hepliaklqana
 18741 | Lair:4   | Found a dark tunnel.
 18760 | Volcano  | Entered a volcano
 18889 | Volcano  | Reached skill level 10 in Spellcasting
 19188 | Volcano  | Found a bloodstained altar of Trog.
 19332 | Volcano  | Reached skill level 10 in Fighting
 19332 | Volcano  | Reached skill level 10 in Dodging
 19592 | Lair:4   | Noticed Snorg
 19677 | Lair:4   | Noticed Kirke
 19689 | Lair:4   | Killed Kirke
 19899 | Lair:4   | Found a staircase to the Slime Pits.
 20008 | Lair:4   | Killed Sonja
 20127 | Lair:4   | Killed Snorg
 20267 | Lair:4   | Reached skill level 10 in Invocations
 20267 | Lair:4   | Reached XP level 14. HP: 60/99 MP: 28/28
 20853 | Lair:5   | Entered Level 5 of the Lair of Beasts
 22728 | Lair:5   | Acquired 1087 gold pieces
 22730 | Lair:5   | Acquired the +4 demon trident "Nofoos" {freeze, Dex+4}
 22869 | Orc:1    | Entered Level 1 of the Orcish Mines
 22968 | Orc:2    | Entered Level 2 of the Orcish Mines
 22972 | Orc:2    | Noticed Rupert
 23015 | Orc:1    | Found Duexeottyr's Distillery.
 23027 | Orc:1    | Found Qexzotek's Antique Armour Shoppe.
 23480 | Orc:1    | Bought a potion of heal wounds for 70 gold pieces
 23751 | Orc:2    | Paralysed by an orc sorcerer for 4 turns
 23928 | Orc:2    | Paralysed by an orc sorcerer for 3 turns
 24396 | Orc:2    | Found a staircase to the Elven Halls.
 24584 | Orc:1    | Paralysed by Rupert for 5 turns
 24980 | D:12     | Killed Lodul
 24981 | D:12     | Reached skill level 10 in Conjurations
 25458 | D:12     | Reached skill level 11 in Fighting
 25458 | D:12     | Reached skill level 10 in Short Blades
 25458 | D:12     | Reached skill level 10 in Long Blades
 25458 | D:12     | Reached skill level 10 in Axes
 25458 | D:12     | Reached skill level 10 in Maces & Flails
 25458 | D:12     | Reached skill level 10 in Staves
 25458 | D:12     | Reached skill level 10 in Ranged Weapons
 25458 | D:12     | Reached skill level 10 in Throwing
 25458 | D:12     | Reached skill level 10 in Armour
 25458 | D:12     | Reached skill level 10 in Stealth
 25458 | D:12     | Reached skill level 10 in Shields
 25458 | D:12     | Reached skill level 10 in Unarmed Combat
 25458 | D:12     | Reached skill level 10 in Evocations
 25674 | D:13     | Reached XP level 15. HP: 96/106 MP: 30/30
 25780 | D:13     | Got Yjuiraq's Enchiridion on the Cumulonimbus and
                  | Causimancy
 25795 | D:13     | Noticed Urug
 25798 | D:13     | Paralysed by Urug for 2 turns
 26208 | D:13     | Found a gate to the Vaults.
 26378 | D:13     | Killed Urug
 28359 | D:15     | Entered Level 15 of the Dungeon
 29047 | D:15     | Found an ancient bone altar of Kikubaaqudgha.
 29268 | D:15     | Reached XP level 16. HP: 114/114 MP: 30/32
 29317 | D:15     | Found a staircase to the Depths.
 30087 | D:11     | Learned a level 3 spell: Swiftness
 30347 | Orc:1    | Found Kayfelent's General Store.
 30467 | Orc:1    | Reached skill level 12 in Fighting
 30565 | Orc:1    | Bought a potion of curing for 42 gold pieces
 30565 | Orc:1    | Bought a potion of magic for 112 gold pieces
 31845 | Orc:2    | Found Cuxkeq's Armour Emporium.
 31845 | Orc:2    | Found Koill's Book Emporium.
 31846 | Orc:2    | Found Ymoyxou's Antique Armour Emporium.
 31846 | Orc:2    | Found Pevoall's Jewellery Shoppe.
 31854 | Orc:2    | Bought a pair of gloves for 126 gold pieces
 31862 | Orc:2    | Bought a manual of Fighting for 1040 gold pieces
 31866 | Orc:2    | Bought the +15 plate armour of Monotheism {Str+4} for 1858
                  | gold pieces
 32115 | Snake:1  | Entered Level 1 of the Snake Pit
 32361 | Snake:1  | Noticed Aizul
 32769 | Snake:1  | Identified the +0 chain mail of Eptituzxaph {rPois rCorr
                  | SInv}
 33475 | Snake:1  | Found Yjeguf's Magic Scroll Boutique.
 33480 | Snake:1  | Found Duidojal's Jewellery Boutique.
 33487 | Snake:1  | Bought a ring of poison resistance for 360 gold pieces
 33666 | Snake:1  | Noticed Mlioglotl
 33672 | Snake:1  | Noticed a tentacled starspawn
 34131 | Snake:2  | Found Mozxeh's Jewellery Boutique.
 34146 | Snake:2  | Found Kuaptum's Book Boutique.
 34146 | Snake:2  | Found Opism's Book Shop.
 34151 | Snake:2  | Found Kiedokho's General Store.
 34157 | Snake:2  | Bought a potion of curing for 42 gold pieces
 34807 | Snake:2  | Found Ikkudegoko's Superior Scales.
 34871 | Snake:3  | Reached XP level 17. HP: 102/121 MP: 33/33
 35084 | Snake:3  | Reached skill level 13 in Fighting
 35091 | Snake:3  | Reached skill level 10 in Hexes
 35091 | Snake:3  | Reached skill level 10 in Summonings
 35091 | Snake:3  | Reached skill level 10 in Necromancy
 35091 | Snake:3  | Reached skill level 10 in Translocations
 35091 | Snake:3  | Reached skill level 10 in Transmutations
 35091 | Snake:3  | Reached skill level 10 in Fire Magic
 35091 | Snake:3  | Reached skill level 10 in Ice Magic
 35091 | Snake:3  | Reached skill level 10 in Air Magic
 35091 | Snake:3  | Reached skill level 10 in Earth Magic
 35091 | Snake:3  | Reached skill level 10 in Poison Magic
 35463 | Snake:2  | Upgraded the game from 0.30-a0-996-ga6910c8ee8 to
                  | 0.30-a0-1008-g30c9307041
 36139 | Snake:3  | Noticed Agnes
 36161 | Snake:3  | Killed Agnes
 36614 | Snake:4  | Entered Level 4 of the Snake Pit
 37899 | Snake:4  | Found a sparkling altar of Nemelex Xobeh.
 37986 | Snake:4  | Reached skill level 14 in Fighting
 38760 | Snake:4  | Reached XP level 18. HP: 131/131 MP: 35/35
 38921 | Snake:4  | Got a serpentine rune of Zot
 39112 | Snake:2  | Bought a book of the Warp for 756 gold pieces
 39117 | Snake:2  | Learned a level 4 spell: Manifold Assault
 39183 | Snake:1  | Killed Aizul
 39331 | Shoals:1 | Entered Level 1 of the Shoals
 41158 | Shoals:2 | Noticed Polyphemus
 41196 | Shoals:2 | Killed Polyphemus
 41466 | Shoals:2 | Reached skill level 15 in Fighting
 41591 | Shoals:2 | Noticed Donald
 41601 | Shoals:2 | Killed Donald
 41832 | Shoals:2 | Found Tastrikio's Book Emporium.
 42066 | Shoals:3 | Noticed Louise
 42084 | Shoals:3 | Killed Louise
 42085 | Shoals:3 | Noticed Mara
 42159 | Shoals:3 | Found Commy's Magic Scroll Emporium.
 42167 | Shoals:3 | Bought a scroll of teleportation for 48 gold pieces
 42167 | Shoals:3 | Bought a scroll of summoning for 152 gold pieces
 42167 | Shoals:3 | Bought a scroll of fog for 64 gold pieces
 42167 | Shoals:3 | Bought a scroll of fog for 64 gold pieces
 42233 | Shoals:4 | Entered Level 4 of the Shoals
 42719 | Shoals:4 | Got a barnacled rune of Zot
 42755 | Shoals:4 | Learned a level 5 spell: Borgnjor's Vile Clutch
 43248 | Shoals:4 | Reached XP level 19. HP: 130/139 MP: 37/37
 44118 | Vaults:1 | Entered Level 1 of the Vaults
 44428 | Vaults:1 | Demolished by a vault warden

Illustrated notes

Levels and vault maps discovered:
D:1:      psy_arrival_basics, layout_loops_ring, grunt_decor_arrowhead,
          hangedman_decor_push
D:2:      layout_basic, hellmonk_ecumenical_altar_slurped_away,
          minmay_gold_behind_fungi, uniq_sigmund
D:3:      minmay_angry_zag, layout_basic, regret_index_temple_of_mockery,
          minmay_puff
D:4:      layout_loops_corners, mainiacjoe_overflow_boulevard,
          minmay_temple_entry_fiery
D:5:      nicolae_cairo_tiling, layout_cave_pods, mainiacjoe_overflow_brackets,
          nicolae_elevator_lobby_plus, uniq_blork_the_orc, uniq_eustachio
D:6:      layout_layer_cave, pdpol_temple_overflow_zin_treasury_gozag_greed,
          nicolae_uskayaw_dance_hall, kennysheep_little_box, uniq_edmund,
          uniq_maggie
D:7:      layout_basic, okawaru_humans, uniq_joseph
D:8:      nicolae_cairo_tiling_large, layout_rooms,
          nicolae_dithmenos_through_a_glass_darkly, serial_shops,
          nicolae_shop_crystal, serial_corexii_hall,
          chequers_hall_statues_wall_a, chequers_hall_statues_y,
          corexii_hall_statues_i, corexii_hall_statues_t,
          minmay_misc_feat_alley, minmay_misc_feat_x, minmay_misc_feat_plants
D:9:      minmay_spotlight, layout_small_grid,
          mainiacjoe_overflow_cross_hatched, nicolae_tso_swordbearing_angel,
          minmay_lair_entry_grove, gammafunk_ghost_hydra_chop,
          minmay_misc_feat_encased, uniq_maurice
D:10:     layout_loops_ring, pf_just_have_faith, mainiacjoe_overflow_alcove_4,
          lemuel_coloured_pillars_altar,
          mainiacjoe_overflow_concentric_impassable, lemuel_flame_loot_1,
          uniq_psyche, uniq_nergalle
D:11:     layout_roguey, orc_0_dummy
D:12:     layout_cross, kennysheep_small_circle, uniq_lodul
D:13:     minmay_concentric_multi, layout_gridville, ximxim_vaults_locker_room,
          uniq_urug
D:14:     layout_irregular_city, chequers_arboretum
D:15:     grunt_enter_depths_giant_problem, layout_long_grid,
          minmay_ruined_shrine
Lair:1:   layout_chaotic_city, grunt_megastairs_1, uniq_amaemon
Lair:2:   layout_regular_city, grunt_megastairs_4
Lair:3:   layout_regular_city, minmay_shoals_entry_hut, dummy_snake_entry,
          pdpol_lair_cavern_descent
Lair:4:   layout_gridlike, dpeg_slime_entry_enclosed,
          nicolae_volcano_entry_batcave, dpeg_oklob_1, uniq_kirke, uniq_sonja,
          uniq_snorg
Lair:5:   guppyfry_lair_end_dragon, layout_cave_pods
Shoals:1: layout_shoals
Shoals:2: layout_shoals, serial_shops, nicolae_take_the_stairs,
          nicolae_shoals_wave_tunnel, uniq_polyphemus, uniq_donald
Shoals:3: layout_shoals, serial_shops, shop_fountains, uniq_mara, uniq_louise
Shoals:4: shoals_end_simple, layout_shoals
Snake:1:  layout_honeycomb, minmay_shop_star, serial_bayou_shore_a,
          uniq_mlioglotl, uniq_aizul
Snake:2:  layout_cave_shapes, hellmonk_scale_shop, minmay_shoptagon
Snake:3:  layout_onion, uniq_agnes
Snake:4:  snake_pit, layout_cave_town, basic_altar, st_stairs_11
Orc:1:    layout_caves, serial_shops, nicolae_shop_behind_doors,
          nicolae_diamond_shop, shop
Orc:2:    st_orc_pillars, layout_caves, elves_outpost_lemuel, uniq_rupert
Vaults:1: hangedman_vaults_variations, hangedman_vaults_maws, v_rooms_6,
          nicolae_vaults_specimen_jars, nicolae_vaults_hallways_thing,
          serial_ice_m, nicolae_vaults_diagonal_hallway_8, special_room_vaults
          [special_room_orc], nicolae_vaults_mini_display_case,
          layout_vaults_omnicross, serial_shops, shop

Skill      XL: |  1  2  3  4  5  6  7  8  9 10 11 12 13 14 15 16 17 18 19 |
---------------+----------------------------------------------------------+-----
Spellcasting   | 5 6 7 8 9 10 11 12 13 14 | 14.2
Invocations    | 1 2 3 4 5 6 7 8 10 11 12 13 14 | 14.5
Short Blades   | 1 2 3 4 5 6 7 8 9 10 11 12 13 | 13.4
Long Blades    | 1 2 3 4 5 6 7 8 9 10 11 12 13 | 13.4
Axes           | 1 2 3 4 5 6 7 8 9 10 11 12 13 | 13.4
Maces & Flails | 1 2 3 4 5 6 7 8 9 10 11 12 13 | 13.4
Staves         | 1 2 3 4 5 6 7 8 9 10 11 12 13 | 13.4
Ranged Weapons | 1 2 3 4 5 6 7 8 9 10 11 12 13 | 13.4
Throwing       | 1 2 3 4 5 6 7 8 9 10 11 12 13 | 13.4
Armour         | 1 2 3 4 5 6 7 8 9 10 11 12 13 | 13.4
Stealth        | 1 2 3 4 5 6 7 8 9 10 11 12 13 | 13.4
Shields        | 1 2 3 4 5 6 7 8 9 10 11 12 13 | 13.4
Unarmed Combat | 1 2 3 4 5 6 7 8 9 10 11 12 13 | 13.4
Evocations     | 1 2 3 4 5 6 7 8 9 10 11 12 13 | 13.4
Hexes          | 1 2 3 4 5 6 7 8 9 10 11 | 11.3
Summonings     | 1 2 3 4 5 6 7 8 9 10 11 | 11.3
Necromancy     | 1 2 3 4 5 6 7 8 9 10 11 | 11.3
Translocations | 1 2 3 4 5 6 7 8 9 10 11 | 11.3
Transmutations | 1 2 3 4 5 6 7 8 9 10 11 | 11.3
Fire Magic     | 1 2 3 4 5 6 7 8 9 10 11 | 11.3
Ice Magic      | 1 2 3 4 5 6 7 8 9 10 11 | 11.3
Air Magic      | 1 2 3 4 5 6 7 8 9 10 11 | 11.3
Earth Magic    | 1 2 3 4 5 6 7 8 9 10 11 | 11.3
Poison Magic   | 1 2 3 4 5 6 7 8 9 10 11 | 11.3
Fighting       | 5 6 7 8 9 10 11 12 14 15 | 15.7
Dodging        | 5 6 7 8 9 10 11 12 13 14 | 14.1
Polearms       | 7 8 9 10 11 12 13 14 | 14.7
Conjurations   | 6 7 8 9 10 11 12 | 12.5

Action                     |  1- 3 |  4- 6 |  7- 9 | 10-12 | 13-15 | 16-18 | 19-21 || total
---------------------------+-------+-------+-------+-------+-------+-------+-------++-------
  Melee: Spear             |    23 |       |       |       |       |       |       ||    23
         Bite              |     8 |    12 |     9 |    79 |   104 |    57 |       ||   269
         Trident           |    99 |   167 |   207 |   423 |    15 |       |       ||   911
         Punch             |     2 |     3 |     4 |    18 |     4 |    34 |     2 ||    67
         Halberd           |       |       |       |   261 |   481 |       |       ||   742
         Demon trident     |       |       |       |       |   578 |   448 |    20 ||  1046
   Fire: Longbow           |       |       |       |       |   141 |  1059 |   105 ||  1305
   Cast: Momentum Strike   |     3 |     4 |     3 |     2 |       |       |       ||    12
         Kiss of Death     |     1 |       |     2 |     1 |       |       |       ||     4
         Mephitic Cloud    |       |       |       |     1 |     9 |       |       ||    10
         Summon Ice Beast  |       |       |       |     1 |     4 |       |       ||     5
         Summon Mana Viper |       |       |       |       |     2 |       |       ||     2
         Swiftness         |       |       |       |       |       |     3 |       ||     3
 Invoke: Recall Ancestor   |       |     1 |     2 |    16 |    23 |    22 |       ||    64
         Ancestor Life: Kn |       |     1 |       |       |       |       |       ||     1
  Evoke: Wand              |       |       |     6 |    15 |     6 |     3 |       ||    30
         Condenser vane    |       |       |       |       |       |     5 |       ||     5
         Box of beasts     |       |       |       |       |       |     1 |       ||     1
    Use: Scroll            |       |       |    16 |    11 |    16 |     7 |     1 ||    51
         Potion            |       |       |     2 |     3 |     9 |     8 |     2 ||    24
   Stab: Sleeping          |     2 |     2 |     3 |    12 |    15 |     1 |       ||    35
         Paralysed         |       |       |     2 |     4 |       |       |       ||     6
         Invisible         |       |       |     2 |       |     2 |       |       ||     4
         Distracted        |       |       |       |     3 |     9 |     7 |     1 ||    20
         Confused          |       |       |       |       |     3 |       |       ||     3
 Armour: Leather armour    |    23 |    33 |     8 |       |       |       |       ||    64
         Steam dragon scal |       |       |    10 |    83 |   201 |     6 |       ||   300
         Plate armour      |       |       |       |       |       |   438 |    27 ||   465
  Dodge: Dodged            |    56 |    90 |    97 |   498 |   908 |   745 |    37 ||  2431
  Block: Buckler           |       |       |       |       |   160 |     2 |       ||   162

Table legend: (Time is in decaauts)
 A = Elapsed time spent in this place.
 B = Non-inter-level travel time spent in this place.
 C = Inter-level travel time spent in this place.
 D = Time resting spent in this place.
 E = Time spent auto-exploring this place.
 F = Levels seen in this place.
 G = Mean time per level.
                   A        B        C        D        E       F      G
               +--------+--------+--------+--------+--------+-----+--------+
         Total |  44596 |  42667 |   1929 |  13444 |  18146 |  32 | 1393.6 |
       Dungeon |  20111 |  18937 |   1174 |   5285 |   9390 |  15 | 1340.7 |
          Lair |   7683 |   7363 |    320 |   1854 |   3374 |   5 | 1536.6 |
        Shoals |   4788 |   4647 |    141 |   1912 |   1489 |   4 | 1197.0 |
     Snake Pit |   7313 |   7135 |    178 |   2772 |   2463 |   4 | 1828.2 |
  Orcish Mines |   3586 |   3473 |    113 |   1273 |   1092 |   2 | 1793.0 |
        Vaults |    317 |    317 |      0 |     37 |    181 |   1 |  317.0 |
       Volcano |    795 |    795 |      0 |    310 |    156 |   1 |  795.0 |
               +--------+--------+--------+--------+--------+-----+--------+

Top non-repeatable levels by time:
     D:8: 2364 daAuts
 Snake:3: 2345 daAuts
    D:13: 2044 daAuts
  Lair:5: 1900 daAuts
   Orc:2: 1844 daAuts
 Snake:4: 1822 daAuts
   Orc:1: 1742 daAuts
  Lair:4: 1729 daAuts
 Snake:1: 1714 daAuts
    D:11: 1670 daAuts
     D:9: 1608 daAuts
Shoals:1: 1594 daAuts
    D:15: 1563 daAuts
  Lair:3: 1512 daAuts
     D:5: 1458 daAuts
